AoeStats
← VeX

Fortress

509932345Analyzed
2v2 RM · 3d ago on Sep 28, 2026· 42m 39s· 4 players
Game mode
Random Map
Map size
Normal (6 player)
Population
200
Speed
Normal
Resources
Standard
Victory
Conquest
Starting age
Dark Age
Ending age
Imperial Age
RankedLock teamsTeams togetherTeam positionsShared explorationLock speedFull tech treeHidden civsTurbo modeCheats
Victory
Defeat
🇪🇸 Spanish · Spain
1143
+15
🇪🇸 Franks · Spain
1143
+15
🇫🇷 Vikings · France
1147
-15
🇹🇷 Romans · Türkiye
1112
-15
VeX
7:57 Feudal Age
11:34 Castle Age
14:25 Double-Bit Axe
18:54 Gold Mining
19:31 Bow Saw
20:41 Wheelbarrow
20:15 Scale Barding Armor
21:18 Chain Barding Armor
21:10 Forging
22:11 Hand Cart
25:59 Imperial Age
23:16 Loom
25:06 Husbandry
25:44 Iron Casting
26:22 Gold Shaft Mining
25:41 Stone Mining
26:30 Town Watch
26:28 Cavalier
27:49 Plate Barding Armor
28:16 Blast Furnace
27:53 Paladin
28:41 Town Patrol
33:37 Elite Throwing Axeman
37:19 Caravan
xKuesT
7:00 Feudal Age
10:49 Castle Age
9:16 Double-Bit Axe
11:06 Horse Collar
16:50 Heavy Plow
17:19 Padded Archer Armor
18:17 Stone Mining
19:56 Wheelbarrow
19:24 Loom
19:26 Town Watch
20:10 Leather Archer Armor
20:58 Bloodlines
22:11 Hand Cart
26:03 Imperial Age
25:02 Husbandry
25:21 Fletching
26:12 Bodkin Arrow
26:26 Onager
27:46 Ring Archer Armor
27:26 Gold Mining
27:48 Bow Saw
29:08 Elite Conquistador
30:10 Conscription
30:57 Chemistry
39:10 Caravan
40:53 Forging
40:45 Bracer
Grievous31
2:33 Loom
8:57 Feudal Age
12:39 Castle Age
10:37 Double-Bit Axe
11:28 Horse Collar
12:04 Fletching
13:45 Bow Saw
24:51 Imperial Age
22:50 Heavy Plow
22:18 Elite Skirmisher
23:45 Scale Mail Armor
23:57 Forging
25:32 Chain Mail Armor
27:13 Plate Mail Armor
26:45 Padded Archer Armor
27:19 Gold Mining
28:16 Bodkin Arrow
28:46 Caravan
29:05 Pikeman
31:00 Bracer
31:17 Leather Archer Armor
31:38 Town Watch
31:59 Squires
34:02 Iron Casting
33:52 Conscription
36:11 Blast Furnace
39:39 Crossbowman
KaraTerzi9080
0:40 Loom
6:20 Feudal Age
12:18 Castle Age
12:05 Fletching
12:48 Double-Bit Axe
15:03 Wheelbarrow
15:19 Elite Skirmisher
17:19 Bodkin Arrow
18:41 Horse Collar
26:39 Imperial Age
25:34 Squires
24:54 Pikeman
26:04 Hand Cart
25:37 Town Watch
25:57 Padded Archer Armor
27:40 Forging
28:42 Conscription
30:08 Iron Casting
29:34 Scale Mail Armor
30:32 Bow Saw
32:08 Gold Mining
34:08 Blast Furnace
33:25 Chain Mail Armor
33:47 Gold Shaft Mining
34:19 Halberdier
34:59 Stone Mining
37:00 Leather Archer Armor
37:42 Capped Ram
38:38 Siege Ram
Connection lost

Rejoining the realm…

Still unreachable

The connection could not be restored.

Session expired

The server has moved on; the page needs a fresh start.